 Dungeon Crawl Stone Soup version 0.31.0-9-g3a7656b989 (webtiles) character file.

Game seed: 958715574477618599

1313 monsoonserge the Skirmisher (level 8, -8/54 (56) HPs)
             Began as a Formicid Hexslinger on Jan 24, 2024.
             Was a Follower of Okawaru.
             Mangled by an ogre
             ... wielding a +0 giant club
              (18 damage)
             ... on level 4 of the Dungeon.
             The game lasted 00:33:59 (6097 turns).

monsoonserge the Skirmisher (Formicid Hexslinger)   Turns: 6097, Time: 00:34:00

HP:   -8/54 (56)    AC:  3    Str: 13    XL:     8   Next: 89%
MP:   0/11          EV: 13    Int: 13    God:    Okawaru [*.....]
Gold: 325           SH:  0    Dex: 21    Spells: 6/11 levels left

rFire   . . .        w - +0 orcbow
rCold   . . .        (no shield)
rNeg    . . .        q - +1 robe "Quciy" {+Blink Dex+3 Stlth-}
rPois   .            (helmet unavailable)
rElec   .            (no cloak)
rCorr   .            (no gloves)
SInv    +            (no boots)
Will    .....        f - amulet of guardian spirit
Stlth   +            (no ring)
HPRegen 0.29/turn    (no ring)
MPRegen 0.12/turn

%: guardian spirit
@: weak-willed, jinxed, lightly drained
A: permanent stasis, dig shafts and tunnels, antennae 3, four strong arms
a: Dig, Shaft Self, Renounce Religion, Heroism


You were on level 4 of the Dungeon.
You worshipped Okawaru.
Okawaru was aware of your devotion.
You visited 2 branches of the dungeon, and saw 7 of its levels.

You collected 325 gold pieces.

Inventory:

Hand Weapons
 w - a +0 orcbow (weapon)
Missiles
 p - 4 poisoned darts
Armour
 q - the +1 robe "Quciy" (worn) {+Blink Dex+3 Stlth-}
   (You found it on level 2 of the Dungeon)

   Dex+3:     It affects your dexterity (+3).
   +Blink:    It lets you blink.
   Stlth-:    It makes you less stealthy.
Jewellery
 f - an amulet of guardian spirit (around neck)
 m - an amulet of magic regeneration
Wands
 u - a wand of flame (18)
Scrolls
 b - a scroll of poison
 c - 2 scrolls of fog {unknown}
 h - a scroll of noise {unknown}
 k - a scroll of acquirement {unknown}
 n - 4 scrolls of fear
 o - 3 scrolls of blinking {unknown}
 r - a scroll of revelation {unknown}
Potions
 d - a potion of enlightenment
 e - 3 potions of attraction
 g - a potion of cancellation {unknown}
 i - 3 potions of ambrosia
 j - 2 potions of curing
 l - 2 potions of degeneration {unknown}
 s - 2 potions of might {unknown}
 t - a potion of haste {unknown}
 v - a potion of lignification {unknown}


   Skills:
 - Level 2.0 Fighting
 * Level 9.4 Ranged Weapons
 - Level 2.0 Dodging
 + Level 0.7 Stealth
 - Level 2.0 Spellcasting
 + Level 4.7 Hexes
 - Level 2.0 Fire Magic
 * Level 0.6 Invocations


You had 6 spell levels left.
You knew the following spells:

 Your Spells              Type           Power      Damage    Failure   Level
a - Jinxbite              Hex            26%        N/A       5%          2
b - Inner Flame           Hex/Fire       10%        N/A       19%         3

Your spell library contained the following spells:

 Spells                   Type           Power      Damage    Failure   Level
 Sigil of Binding         Hex            13%        N/A       11%         3
 Cause Fear               Hex            6%         N/A       36%         4
 Dimensional Bullseye     Hex/Tloc       3%         N/A       67%         4


Dungeon Overview and Level Annotations

Branches:
Dungeon (6/15)             Temple (1/1) D:5

Altars:
Ashenzari
Cheibriados
Elyvilon
Gozag
Hepliaklqana
Okawaru
Qazlal
Ru
Vehumet
Wu Jian
Yredelemnul
Zin

Annotations:
D:6 1 runed translucent door, Crazy Yiuf


Innate Abilities, Weirdness & Mutations

You cannot be hasted, slowed, berserked, paralysed or teleported.
You can dig through walls and to a lower floor.
You have a pair of large antennae on your head. (SInv)
Your four strong arms can wield two-handed weapons with a shield.


Message History

The gnoll zaps a wand.
You turn into a bat.
Your +0 orcbow melds into your body.
The +1 robe "Quciy" {+Blink Dex+3 Stlth-} melds into your body.
You can't do that in your present form.
Okay, then.
Unknown command.
The gnoll attacks as it pursues you! The gnoll misses you.
You feel your willpower return.
The gnoll throws a throwing net.
The throwing net completely misses you.
You hear a splash.
You enter a dispersal trap!
You feel a strange sense of stasis.
There is a dispersal trap here.
You start waiting.
Your transformation is almost over.
You feel less batty.
Your +0 orcbow unmelds from your body.
The +1 robe "Quciy" {+Blink Dex+3 Stlth-} unmelds from your body.
There is a stone staircase leading up here.
You climb upwards.
There is a stone staircase leading down here.
Done exploring.
There is a stone staircase leading up here.
You climb upwards.
There is a stone staircase leading down here.
The ogre attacks as it pursues you!
The ogre hits you with a +0 giant club!!
There is a stone staircase leading up, spattered with blood here.
Casting: Jinxbite (safe; 5% risk of failure)
Confirm with . or Enter, or press ? or * to list all spells.
You beckon some vexing sprites to accompany your attacks.
You feel your willpower being sapped.
You shoot an arrow. The arrow barely misses the ogre.
The ogre hits you with a +0 giant club!!
Ouch! That really hurt!
* * * LOW HITPOINT WARNING * * *
Unknown command.
Okay, then.
It was a potion of curing.
You feel better.
The ogre hits you with a +0 giant club!!
You die...

######## ############
.......####......(...##
#)......##......).....##
.......................#
...).......(...........#
.......................#
............>..........#
..........)....O@......#
........#.............##
......#.#.#.#.#......##
...............#.#####
......#.......#..#
................##
......#.......###
#.........>....#
##....#.......##


You could see an ogre.

Vanquished Creatures
  Duvessa (D:6)
  An ice beast (D:6)
  An orc warrior (D:6)
  An ogre (D:6)
  A phantom (D:6)
  2 scorpions (D:6)
  3 wights (D:6)
  Dowan (D:6)
  A howler monkey (D:5)
  2 hounds
  A gnoll bouda (D:6)
  An orc priest (D:6)
  An iguana (D:5)
  Ijyb (D:5)
  An orc wizard (D:3)
  Robin (D:2)
  12 adders
  3 gnolls (D:5)
  A white imp (D:3)
  2 ufetubi (D:6)
  5 ribbon worms
  11 orcs
  4 ball pythons
  10 endoplasms
  6 giant cockroaches
  13 goblins
  11 hobgoblins
  4 jackals (D:1)
  4 quokkas (D:1)
  7 bats
  2 frilled lizards (D:1)
  10 kobolds
  4 rats
129 creatures vanquished.

Vanquished Creatures (others)
  An orc wizard (D:6)
1 creature vanquished.

Grand Total: 130 creatures vanquished

Notes
Turn   | Place    | Note
-------+----------+-------------------------------------------
     0 | D:1      | monsoonserge the Formicid Hexslinger began the quest for
                  | the Orb.
     0 | D:1      | Reached XP level 1. HP: 15/15 MP: 2/2
   132 | D:1      | Reached XP level 2. HP: 21/21 MP: 3/3
   216 | D:1      | Learned a level 2 spell: Jinxbite
   609 | D:1      | Reached XP level 3. HP: 26/26 MP: 4/4
   617 | D:1      | Reached skill level 3 in Ranged Weapons
  1155 | D:2      | Reached XP level 4. HP: 32/32 MP: 3/5
  1332 | D:2      | Noticed Robin
  1621 | D:2      | Identified the +1 robe "Quciy" {+Blink Dex+3 Stlth-}
  1679 | D:2      | Reached skill level 4 in Ranged Weapons
  1891 | D:2      | Killed Robin
  2316 | D:3      | Reached XP level 5. HP: 30/37 MP: 4/6
  2922 | D:4      | Reached skill level 5 in Ranged Weapons
  2976 | D:4      | Noticed an ogre
  3051 | D:3      | Reached XP level 6. HP: 43/44 MP: 3/7
  3125 | D:4      | Found a snail-covered altar of Cheibriados.
  3523 | D:5      | Entered Level 5 of the Dungeon
  3591 | D:5      | Reached skill level 6 in Ranged Weapons
  3604 | D:5      | Found a staircase to the Ecumenical Temple.
  3617 | Temple   | Entered the Ecumenical Temple
  3636 | Temple   | Became a worshipper of Warmaster Okawaru
  3671 | D:5      | Noticed Ijyb
  3681 | D:5      | Killed Ijyb
  3867 | D:5      | Found a broken altar of Ashenzari.
  4031 | D:5      | Found an ornate altar of the Wu Jian Council.
  4312 | D:5      | Reached XP level 7. HP: 50/50 MP: 6/9
  4325 | D:5      | Learned a level 3 spell: Inner Flame
  4521 | D:6      | Reached skill level 7 in Ranged Weapons
  5076 | D:6      | Noticed Duvessa
  5076 | D:6      | Noticed Dowan
  5087 | D:6      | Killed Dowan
  5087 | D:6      | Killed Duvessa
  5088 | D:6      | Reached XP level 8. HP: 37/56 MP: 4/11
  5306 | D:6      | Reached skill level 8 in Ranged Weapons
  5321 | D:6      | Found a runed translucent door.
  5322 | D:6      | Noticed Crazy Yiuf
  5362 | D:6      | Reached * piety under Okawaru
  5625 | D:6      | Reached skill level 9 in Ranged Weapons
  5762 | D:6      | Found a stormy altar of Qazlal.
  6097 | D:4      | Mangled by an ogre

Illustrated notes

Levels and vault maps discovered:
D:1:      doesnt_arrival_eight_statues, layout_basic, palyth_stone_intersect,
          corexii_corridor_pit, minmay_domino_4
D:2:      layout_basic, roderic_lattice_a, chequers_jeans,
          nicolae_concentric_dashed_squares_mild, minmay_quadrilaterals,
          uniq_robin
D:3:      layout_basic
D:4:      layout_rooms, slow_altar_1, st_stairs_4, nicolae_half_adder,
          uniq_grinder
D:5:      layout_loops_ring, nicolae_ashenzari_skybound,
          nicolae_overflow_crystal_walls, temple_hall, minmay_puff, uniq_ijyb
D:6:      kennysheep_housing_project, layout_loops_corners, grunt_qazlal_clouds,
          minmay_misc_feat_pillars, grunt_decor_junction,
          uniq_crazy_yiuf_cottage, uniq_duvessa
Temple:   hellmonk_temple_rainy

Skill      XL: |  1  2  3  4  5  6  7  8 |
---------------+-------------------------+-----
Dodging        | 2 |  2.0
Ranged Weapons | 3 4 5 6 7 9 |  9.4
Fighting       | 2 |  2.0
Hexes          | 4 |  4.7
Spellcasting   | 2 |  2.0
Fire Magic     | 2 |  2.0
Stealth        | |  0.7
Invocations    | |  0.6

Action                     |  1- 3 |  4- 6 |  7- 9 || total
---------------------------+-------+-------+-------++-------
   Fire: Sling             |   147 |   236 |   108 ||   491
         Orcbow            |       |       |    43 ||    43
   Cast: Jinxbite          |     6 |    22 |    21 ||    49
         Inner Flame       |       |       |     1 ||     1
Ability: Dig               |     2 |       |       ||     2
    Use: Scroll            |       |     5 |       ||     5
         Potion            |       |       |     1 ||     1
 Armour: Robe              |    37 |    61 |    67 ||   165
  Dodge: Dodged            |    58 |   115 |    54 ||   227
